 Seeded DCSS version 0.28-a0-1567-g1695149f81 (webtiles) character file.

Game seed: 189 (custom seed)

130 knot the Chopper (level 4, -5/35 HPs)
             Began as a Demonspawn Berserker on Jan 20, 2022.
             Was a Believer of Trog.
             Slain by Grinder (10 damage)
             ... while paralysed by Grinder
             ... on level 3 of the Dungeon.
             The game lasted 00:01:55 (3906 turns).

knot the Chopper (Demonspawn Berserker)             Turns: 3906, Time: 00:01:56

Health: -5/35      AC:  2    Str: 18    XL:     4   Next: 89%
Magic:  4/4        EV:  2    Int: 10    God:    Trog [**....]
Gold:   149        SH:  0    Dex: 12    Spells: 3/3 levels left

rFire   . . .      SeeInvis .   a - +0 hand axe
rCold   . . .      Faith    .   (no shield)
rNeg    . . .      Spirit   .   b - +0 animal skin
rPois   .          Reflect  .   (no helmet)
rElec   .          Harm     .   (no cloak)
rCorr   .          Rampage  .   (no gloves)
Will    .....                   (no boots)
Stlth   +.........              (no amulet)
HPRegen 0.11/turn               (no ring)
MPRegen 0.09/turn               (no ring)

@: paralysed
A: claws 2, powered by death 1
a: Renounce Religion, Berserk, Trog's Hand


You were on level 3 of the Dungeon.
You worshipped Trog.
Trog was pleased with you.
You visited 1 branch of the dungeon, and saw 3 of its levels.

You collected 149 gold pieces.

Inventory:

Hand Weapons
 a - a +0 hand axe (weapon)
Missiles
 c - 49 stones (quivered)
 l - 2 poisoned darts
Armour
 b - a +0 animal skin (worn)
Jewellery
 f - an amulet of magic regeneration
 h - a ring of ice
Scrolls
 d - 2 scrolls of identify {unknown}
 k - a scroll of noise {unknown}
 m - a scroll of amnesia {unknown}
Potions
 e - 2 potions of might
 g - a potion of lignification {unknown}
 i - a potion of ambrosia {unknown}
 j - a potion of heal wounds {unknown}


   Skills:
 - Level 3.0 Fighting
 + Level 5.1 Axes
 - Level 1.7 Armour
 - Level 1.7 Dodging


You had 3 spell levels left.
You didn't know any spells.
Your spell library contained the following spells:

 Spells                   Type           Power      Damage    Failure   Level
 Ensorcelled Hibernation  Hex/Ice        0%         N/A       50%         2
 Spider Form              Tmut/Pois      0%         N/A       75%         3
 Anguish                  Hex/Necr       0%         N/A       98%         4
 Leda's Liquefaction      Hex/Erth       0%         N/A       98%         4
 Lee's Rapid Deconstruct  Erth           0%         3d5*      100%        5
 Statue Form              Tmut/Erth      0%         N/A       100%        6


Dungeon Overview and Level Annotations

Branches:
Dungeon (3/15)

Altars:

Annotations:
D:3 Grinder


Innate Abilities, Weirdness & Mutations

You have very sharp fingernails.
You regenerate a little health from kills.


Message History

The goblin hits you with a +0 club.
You barely miss the goblin. The goblin hits you with a +0 club.
You slash the goblin!
You kill the goblin!
Trog accepts your kill.
No target in view!
No target in view!
No target in view!
HP restored.
Things that are here:
a +0 club; a goblin corpse No target in view!
You now have 149 gold pieces (gained 11).
A frilled lizard comes into view.
A frilled lizard is nearby!
Grinder comes into view.
Grinder gestures at you. You resist with significant effort.
The helpless frilled lizard fails to defend itself.
You hit the frilled lizard.
The frilled lizard is heavily wounded.
The frilled lizard misses you.
Grinder blinks!
You hit the frilled lizard.
You kill the frilled lizard!
Trog accepts your kill.
Grinder says, "Wait up."
Grinder barely misses you.
You hit Grinder but do no damage. Grinder hits you.
You writhe in agony.
You hit Grinder but do no damage. Grinder hits you but does no damage.
You hit Grinder but do no damage. Grinder gestures at you.
You suddenly lose the ability to move!
Grinder hits you! Grinder hits you.
You writhe in agony.
Grinder hits you.
* * * LOW HITPOINT WARNING * * *
You writhe in agony.
* * * LOW HITPOINT WARNING * * *
Grinder hits you!
You die...

#..........
#...#
#.......... #
#...#
#<....#####
#.#...#
#.....#
#.#...#
#######
##.....#
......#
#.#5.#
..###..@.#
.##........#
..........#
####..#####.#
......#....#
#.. #.#
#....#.####
#.# #.#
#........#
..... #.#
#........#
#.#.# # #.#
#........#
..#.#


You could see Grinder.

Vanquished Creatures
  Robin (D:2)
  2 adders (D:2)
  2 gnolls (D:2)
  A worm (D:2)
  3 dart slugs
  6 ball pythons
  5 endoplasms
  A giant cockroach (D:2)
  13 goblins
  7 hobgoblins
  4 jackals (D:1)
  6 quokkas
  5 bats
  3 frilled lizards
  4 kobolds (D:1)
  7 rats
70 creatures vanquished.

Vanquished Creatures (others)
  18 plants (D:2)
18 creatures vanquished.

Grand Total: 88 creatures vanquished

Notes
Turn   | Place    | Note
-------+----------+-------------------------------------------
     0 | D:1      | knot the Demonspawn Berserker began the quest for the Orb.
     0 | D:1      | Reached XP level 1. HP: 18/18 MP: 1/1
   454 | D:1      | Reached skill level 3 in Axes
   624 | D:1      | Gained mutation: You have sharp fingernails. [demonic
                  | ancestry]
   624 | D:1      | Reached XP level 2. HP: 16/24 MP: 2/2
  1380 | D:1      | Gained mutation: You regenerate a little health from kills.
                  | [demonic ancestry]
  1380 | D:1      | Reached XP level 3. HP: 25/29 MP: 3/3
  1717 | D:1      | Reached ** piety under Trog
  1891 | D:2      | Reached skill level 4 in Axes
  1948 | D:2      | Noticed Robin
  1968 | D:2      | Killed Robin
  2177 | D:2      | Gained mutation: You have very sharp fingernails. [demonic
                  | ancestry]
  2177 | D:2      | Reached XP level 4. HP: 28/35 MP: 4/4
  3214 | D:2      | Reached skill level 5 in Axes
  3895 | D:3      | Noticed Grinder
  3902 | D:3      | Paralysed by Grinder for 5 turns
  3906 | D:3      | Slain by Grinder

Illustrated notes

Levels and vault maps discovered:
D:1:      dpeg_arrival_simpleton_a, layout_basic, minivault_23
D:2:      wad_woods_tower, layout_basic, uniq_robin
D:3:      layout_basic, uniq_grinder

Skill      XL: |  1  2  3  4 |
---------------+-------------+-----
Axes           | 3 4 5 |  5.1
Fighting       | |  3.0
Armour         | |  1.7
Dodging        | |  1.7

Action                   |  1- 3 |  4- 6 || total
-------------------------+-------+-------++-------
Melee: Hand axe          |   128 |    93 ||   221
       Punch             |       |     1 ||     1
Invok: Berserk           |     1 |     2 ||     3
 Stab: Sleeping          |     1 |     2 ||     3
Armor: Animal skin       |    24 |    10 ||    34
Dodge: Dodged            |    96 |    48 ||   144

Table legend: (Time is in decaauts)
 A = Elapsed time spent in this place.
 B = Non-inter-level travel time spent in this place.
 C = Inter-level travel time spent in this place.
 D = Time resting spent in this place.
 E = Time spent auto-exploring this place.
 F = Levels seen in this place.
 G = Mean time per level.
                   A        B        C        D        E       F      G
               +--------+--------+--------+--------+--------+-----+--------+
         Total |   3957 |   3924 |     33 |   1355 |   2108 |   3 | 1319.0 |
       Dungeon |   3957 |   3924 |     33 |   1355 |   2108 |   3 | 1319.0 |
               +--------+--------+--------+--------+--------+-----+--------+

Top non-repeatable levels by time:
     D:2: 1929 daAuts
     D:1: 1867 daAuts
     D:3: 161 daAuts
